 Dungeon Crawl Stone Soup version 0.25.1-3-ge44b62a0b3 (webtiles) character file.

Game seed: 2189069722247562424

319 Mrkan the Poker (level 6, -1/48 HPs)
             Began as a Merfolk Gladiator on Nov 22, 2020.
             Was a Follower of Uskayaw.
             Killed by divine providence
             ... invoked by an orc priest
              (13 damage)
             ... on level 4 of the Dungeon.
             The game lasted 00:04:32 (3182 turns).

Mrkan the Poker (Merfolk Gladiator)                 Turns: 3182, Time: 00:04:33

Health: -1/48      AC:  4    Str: 16    XL:     6   Next: 45%
Magic:  4/7        EV: 15    Int:  8    God:    Uskayaw [*.....]
Gold:   65         SH:  0    Dex: 15    Spells: 5/5 levels left

rFire    . . .     SeeInvis .   a - +0 trident
rCold    . . .     Gourm    .   (no shield)
rNeg     . . .     Faith    .   b - +0 leather armour
rPois    .         Spirit   .   c - +0 helmet
rElec    .         Reflect  .   (no cloak)
rCorr    .         Harm     .   (no gloves)
MR       .....                  (no boots)
Stlth    +.........             (no amulet)
HPRegen  0.16/turn              (no ring)
MPRegen  0.10/turn              (no ring)

@: no status effects
A: change form in water, swift swim, stealthy swim
a: Stomp, Renounce Religion


You were on level 4 of the Dungeon.
You worshipped Uskayaw.
Uskayaw was noncommittal.
You were not hungry.

You visited 1 branch of the dungeon, and saw 4 of its levels.

You collected 89 gold pieces.
You spent 24 gold pieces at shops.

Inventory:

Hand Weapons
 a - a +0 trident (weapon)
Missiles
 d - 3 throwing nets (quivered)
Armour
 b - a +0 leather armour (worn)
 c - a +0 helmet (worn)
Wands
 o - a wand of enslavement (8)
 p - a wand of polymorph (3)
 r - a wand of flame (12)
Scrolls
 h - a scroll of amnesia {unknown}
 j - 3 scrolls of remove curse {unknown}
 k - a scroll of fog {unknown}
 l - 3 scrolls of teleportation {unknown}
 n - 3 scrolls of identify
 q - 2 scrolls of enchant weapon {unknown}
 s - a scroll of magic mapping {unknown}
 u - a scroll of blinking {unknown}
Potions
 e - 2 potions of lignification {unknown}
 g - a potion of flight {unknown}
 i - a potion of cancellation {unknown}
 m - 2 potions of curing {unknown}
 t - a potion of invisibility {unknown}
Comestibles
 f - 6 rations


   Skills:
 + Level 3.9 Fighting
 * Level 7.5 Polearms
 - Level 2.0 Throwing
 + Level 5.5 Dodging
 + Level 2.0 Invocations


You had 5 spell levels left.
You didn't know any spells.
Your spell library contained the following spells:

 Spells                   Type           Power        Failure   Level  Hunger
 Magic Dart               Conj           #...         47%         1    ##.....
 Blink                    Tloc           N/A          63%         2    ###....
 Call Imp                 Summ           #.......     63%         2    ###....
 Slow                     Hex            #.......     63%         2    ###....
 Conjure Flame            Conj/Fire      #.......     85%         3    ####...
 Mephitic Cloud           Conj/Pois/Air  #.......     85%         3    ####...


Dungeon Overview and Level Annotations

Branches:
Dungeon (4/15)
 Temple: D:4-7

Altars:
Uskayaw
Wu Jian

Shops:
D:4 ((*:


Message History

The orc priest hits you with a +0 falchion.
* * * LOW HITPOINT WARNING * * *
You stomp with the beat, sending a shockwave through the revelers around you!
The orc is severely wounded. x2
The orc priest is heavily wounded.
You kill the orc!
You feel somewhat more hungry.
You can no longer stomp with the beat.
The orc hits you but does no damage. The orc misses you.
The orc priest hits you but does no damage.
You can now stomp with the beat.
You closely miss the orc priest.
The orc priest is heavily wounded.
The orc closely misses you. The orc hits you but does no damage.
Unknown command.
You hit the orc priest.
The orc priest is severely wounded.
The orc priest invokes the aid of Beogh against you.
Beogh smites you!
You die...

#.. .#+###+#+#
..##......... #
∩........... .# ..
........... #####.# #.
#.......... ......# .##
#.......... #####
......# ... #..o)......
..... ......#. #.#
#..@o...... ######
........ #.###...o......
#.....
..###.#.##.#.†$...####.#
#.####
..#∩#.#....'......+
#.#...
###'#.###.##......#
#.#...
......###.##......#
#######.#...
#####.....##......#
#.....#.#...
#.#.....##......#
#.###.#.####
#.#.....######### #.#
#.......


You could see an orc priest and 2 orcs.

Vanquished Creatures
  Sigmund (D:2)
  Ijyb (D:2)
  An iguana (D:4)
  2 adders (D:2)
  A worm (D:3)
  4 dart slugs
  4 leopard geckos
  6 orcs
  5 giant cockroaches
  12 goblins
  5 hobgoblins
  3 jackals (D:3)
  A ball python (D:2)
  A ball python skeleton (D:4)
  12 bats
  3 frilled lizards
  7 kobolds
  5 rats
74 creatures vanquished.

Notes
Turn   | Place    | Note
-------+----------+-------------------------------------------
     0 | D:1      | Mrkan the Merfolk Gladiator began the quest for the Orb.
     0 | D:1      | Reached XP level 1. HP: 16/16 MP: 1/1
    87 | D:1      | Reached XP level 2. HP: 23/23 MP: 2/2
   175 | D:1      | Reached skill level 5 in Polearms
   683 | D:1      | Reached XP level 3. HP: 23/28 MP: 3/3
  1251 | D:2      | Noticed Sigmund
  1396 | D:3      | Reached XP level 4. HP: 31/35 MP: 4/4
  1570 | D:3      | Reached skill level 6 in Polearms
  1755 | D:3      | Found a hide-covered altar of Uskayaw.
  1755 | D:3      | Noticed a +0 hand axe
  1755 | D:3      | Noticed a +0 dagger
  1762 | D:3      | Became a worshipper of Uskayaw the Reveler
  1783 | D:3      | Reached * piety under Uskayaw
  2128 | D:2      | Noticed Ijyb
  2137 | D:2      | Reached ** piety under Uskayaw
  2146 | D:2      | Killed Ijyb
  2172 | D:2      | Found an ornate altar of the Wu Jian Council.
  2425 | D:2      | Reached XP level 5. HP: 41/41 MP: 5/5
  2442 | D:2      | Killed Sigmund
  2442 | D:2      | Reached skill level 7 in Polearms
  2442 | D:2      | Reached skill level 5 in Dodging
  2442 | D:2      | Reached skill level 1 in Invocations
  2442 | D:2      | Reached XP level 6. HP: 4/48 MP: 2/7
  3023 | D:4      | Found Fagioru's Antique Weapon Shoppe.
  3110 | D:4      | Found Zatepta's Weapon Shoppe.
  3150 | D:4      | Found Latoizyv's General Store.
  3153 | D:4      | Bought a scroll of identify for 24 gold pieces
  3170 | D:4      | Found Sehi's Book Boutique.
  3182 | D:4      | Killed from afar by an orc priest

Illustrated notes

Levels and vault maps discovered:
D:1:      minmay_arrival_cross, layout_basic
D:2:      kennysheep_the_goblin_king, layout_rooms, lemuel_round_altar,
          uniq_sigmund
D:3:      layout_loops_ring, dancing_weapons_uskayaw, kennysheep_boxes
D:4:      layout_basic, serial_shops, shop, kennysheep_mini,
          nicolae_shop_statue_plus, nicolae_shop_competitors_out_of_business,
          shop, nrook_mini_vaults

Skill      XL: |  1  2  3  4  5  6 |
---------------+-------------------+-----
Polearms       | 5 6 7 |  7.5
Fighting       | 3 |  3.9
Dodging        | 5 |  5.5
Invocations    | 1 2 |  2.0
Throwing       | |  2.0

Action                   |  1- 3 |  4- 6 || total
-------------------------+-------+-------++-------
Melee: Trident           |   119 |   114 ||   233
Invok: Stomp             |       |     3 ||     3
  Eat: Chunk             |     2 |     6 ||     8
Armor: Leather armour    |    34 |    31 ||    65
Dodge: Dodged            |   116 |   104 ||   220
